Map: Cyber Forest LE

Players

StormzBG - Winner!

  • Race: Terran Terran
  • Spawn Location: 11:00

VOD

Have the link to the VOD?

Description

Low hp BC's

Time

  • Played on: Jan. 30, 2019, 10 p.m.
  • Length: 24:54
Show
View Real Time Build Order
Export as new Build Order

StormzBG Terran - Winner!

Build Orders:  

Get SALT Encoding   

  12  0:01  SCV  
  13  0:18  SCV  
  14  0:31  Supply Depot  
  14  0:35  SCV  
  15  0:50  Refinery  
  15  1:01  SCV  
  15  1:07  Barracks  
  16  1:18  SCV  
  17  1:32  Supply Depot  
  17  1:35  SCV  
  18  1:52  SCV  
  18  1:59  Barracks  
  19  2:16  Refinery, Barracks Tech Lab  
  19  2:26  SCV  
  20  2:37  Supply Depot  
  20  2:46  Unknown  
  20  2:54  SCV  
  21  3:21  Factory  
  21  3:29  Barracks Tech Lab  
  21  3:30  Bunker  
  21  3:31  SCV  
  22  3:51  Marauder  
  24  4:09  Orbital Command  
  24  4:21  Stimpack  
  24  4:36  Concussive Shells  
  24  4:45  SCV  
  24  4:49  Bunker  
  25  4:56  Starport  
  25  5:06  Marine  
  26  5:10  SCV  
  27  5:29  Factory Reactor  
  27  5:41  SCV  
  27  5:42  Engineering Bay  
  27  5:49  Fusion Core  
  28  5:54  Starport Tech Lab  
  28  5:58  SCV  
  29  6:01  Marine  
  29  6:02  Marine  
  31  6:15  SCV  
  32  6:21  Supply Depot  
  32  6:36  SCV  
  33  6:46  Marine  
  34  6:50  Command Center  
  34  7:01  SCV  
  34  7:08  Siege Tank  
  38  7:21  SCV  
  39  7:41  SCV  
  40  7:51  Armory  
  40  8:17  Battlecruiser  
  46  8:20  Weapon Refit  
  46  8:29  Marine  
  47  8:30  Refinery x2  
  47  8:31  Marauder, Marine  
  50  8:41  Supply Depot  
  50  8:43  SCV  
  51  8:56  Orbital Command  
  51  9:03  SCV  
  52  9:23  Starport, Siege Tank  
  55  9:38  SCV  
  56  9:40  SCV  
  57  10:17  Starport Tech Lab  
  57  10:19  Battlecruiser  
  63  10:22  SCV  
  63  10:24  SCV  
  65  11:05  Starport  
  65  11:06  Starport  
  65  12:06  Starport Tech Lab  
  65  12:07  Starport Tech Lab  
  65  12:10  Supply Depot  
  65  12:12  Supply Depot  
  65  12:17  Battlecruiser  
  71  12:21  SCV  
  71  12:23  SCV  
  73  12:32  Terran Ship Weapons Level 1  
  73  12:37  SCV  
  73  12:39  Armory  
  74  12:40  Battlecruiser  
  80  12:59  Supply Depot  
  80  13:03  Supply Depot  
  80  13:09  Command Center  
  80  13:13  Battlecruiser  
  86  13:23  SCV  
  86  13:24  SCV  
Tags
 
Add a new tag
Caveats
  • Supply blocks, unpowered buildings, or Contaminate may cause inaccurate times.
  • Supply counts are checked every 10 seconds.